DBL
ARIZONA DIAMONDBACKS @ WASHINGTON SENATORS
04/04/1997
 
TOP OF THE 1ST
Arizona Diamondbacks batting - Pitching for Washington Senators : RHP Kevin Millwood
Pitching: RHP Kevin Millwood
Batting: LHB Delino DeShields 0-0: Ball
1-0: Bunt missed!
1-1: Foul Ball, location: 2F
1-2: Ball
2-2: Ball
3-2: Fly out, F5 (Popup, 5F, EV 44.4 MPH)
Batting: LHB Tony Gwynn 0-0: Foul Ball, location: 2F
0-1: Called Strike
0-2: Ball
1-2: Fly out, F5 (Popup, 56, EV 63.8 MPH)
Batting: RHB Moises Alou 0-0: Ball
1-0: Called Strike
1-1: Ground out 4-3 (Groundball, 4, EV 82.5 MPH)
Top of the 1st over - 0 runs, 0 hits, 0 errors, 0 left on base; Arizona 0 - Washington 0
BOTTOM OF THE 1ST
Washington Senators batting - Pitching for Arizona Diamondbacks : RHP Brett Tomko
Pitching: RHP Brett Tomko
Batting: RHB Jason Kendall 0-0: Called Strike
0-1: Foul Ball, location: 2F
0-2: Foul Ball, location: 2F
0-2: Ball
1-2: Fly out, F7 (Flyball, 7LS, EV 85.6 MPH)
Batting: RHB Vladimir Guerrero 0-0: Swinging Strike
0-1: Ball
1-1: Fly out, F8 (Line Drive, 8LD, EV 91.3 MPH)
Batting: RHB Alex Rodriguez 0-0: Ball
1-0: Ball
2-0: Called Strike
2-1: SINGLE (Groundball, 6MD, EV 111.9 MPH)
Batting: RHB Albert Belle 0-0: Ball
Alex Rodriguez steals 2nd base
1-0: Called Strike
1-1: Swinging Strike
1-2: Ball
2-2: Ball
3-2: Foul Ball, location: 2F
3-2: SINGLE (Groundball, 3D, EV 103.1 MPH)
Alex Rodriguez to third
Alex Rodriguez scores
Batting: RHB Eric Davis 0-0: Ball
1-0: Ball
2-0: Foul Ball, location: 2F
2-1: Swinging Strike
2-2: Ball
3-2: Base on Balls
Albert Belle to second
Batting: LHB Willie Greene 0-0: Ball
1-0: Ball
2-0: Foul Ball, location: 2F
2-1: Ball
3-1: Called Strike
3-2: Strikes out looking
Bottom of the 1st over - 1 run, 2 hits, 0 errors, 2 left on base; Arizona 0 - Washington 1
TOP OF THE 2ND
Arizona Diamondbacks batting - Pitching for Washington Senators : RHP Kevin Millwood
Batting: RHB Bobby M Estalella 0-0: Ball
1-0: Ball
2-0: Foul Ball, location: 2F
2-1: Swinging Strike
2-2: Strikes out swinging
Batting: LHB Mike Greenwell 0-0: Ground out 4-3 (Groundball, 4M, EV 85.6 MPH)
Batting: RHB Chad Curtis 0-0: Called Strike
0-1: Ball
1-1: Ball
2-1: Foul Ball, location: 2F
2-2: Ball
3-2: Base on Balls
Batting: LHB Mark Grace 0-0: Ball
1-0: Foul Ball, location: 2F
1-1: Swinging Strike
1-2: Foul Ball, location: 2F
1-2: Ball
2-2: Strikes out looking
Top of the 2nd over - 0 runs, 0 hits, 0 errors, 1 left on base; Arizona 0 - Washington 1
BOTTOM OF THE 2ND
Washington Senators batting - Pitching for Arizona Diamondbacks : RHP Brett Tomko
Batting: LHB Jon Nunnally 0-0: Called Strike
0-1: Foul Ball, location: 2F
0-2: Ball
1-2: Ground out 4-3 (Groundball, 4, EV 99.4 MPH)
Batting: SHB Ray Durham 0-0: Called Strike
0-1: Swinging Strike
0-2: Hit by Pitch
Batting: LHB Don Mattingly 0-0: Ball
1-0: Foul Ball, location: 2F
1-1: Ground out 3-1 (Groundball, 3S, EV 60.6 MPH)
Ray Durham to second
Batting: RHB Jason Kendall 0-0: Ball
1-0: Ball
Wild Pitch!
Ray Durham to third
2-0: Fly out, F9 (Flyball, 89M, EV 95.0 MPH)
Bottom of the 2nd over - 0 runs, 0 hits, 0 errors, 1 left on base; Arizona 0 - Washington 1
TOP OF THE 3RD
Arizona Diamondbacks batting - Pitching for Washington Senators : RHP Kevin Millwood
Batting: RHB Mike Bordick 0-0: Ball
1-0: Ground out 6-3 (Groundball, 6, EV 86.3 MPH)
Batting: LHB Robin Ventura 0-0: Ball
1-0: Foul Ball, location: 2F
1-1: Foul Ball, location: 2F
1-2: Foul Ball, location: 2F
1-2: Ball
2-2: Ground out 3-1 (Groundball, 34, EV 90.6 MPH)
Batting: LHB Delino DeShields 0-0: Called Strike
0-1: Ball
1-1: Called Strike
1-2: SINGLE (Line Drive, 56D, EV 105.0 MPH)
Batting: LHB Tony Gwynn 0-0: Ball
1-0: Ball
2-0: Ground out 5-3 (Groundball, 56S, EV 75.6 MPH)
Top of the 3rd over - 0 runs, 1 hit, 0 errors, 1 left on base; Arizona 0 - Washington 1
BOTTOM OF THE 3RD
Washington Senators batting - Pitching for Arizona Diamondbacks : RHP Brett Tomko
Batting: RHB Vladimir Guerrero 0-0: Foul Ball, location: 2F
0-1: Ball
1-1: Ball
2-1: SINGLE (Line Drive, 56D, EV 104.4 MPH)
Batting: RHB Alex Rodriguez 0-0: Called Strike
0-1: SINGLE (Groundball, 4D, EV 103.8 MPH)
Vladimir Guerrero to second
Runner from 2nd tries for 3rd, SAFE, no throw by CF
Batting: RHB Albert Belle 0-0: Ball
1-0: Ball
2-0: Ball
3-0: Called Strike
3-1: Swinging Strike
3-2: Foul Ball, location: 2F
3-2: Base on Balls
Alex Rodriguez to second
Batting: RHB Eric Davis 0-0: Called Strike
0-1: Ball
1-1: Foul Ball, location: 2F
1-2: Ball
2-2: Strikes out swinging
Batting: LHB Willie Greene 0-0: Ball
1-0: Called Strike
1-1: Swinging Strike
1-2: Strikes out swinging
Batting: LHB Jon Nunnally 0-0: Called Strike
0-1: Swinging Strike
0-2: Foul Ball, location: 2F
0-2: Foul Ball, location: 2F
0-2: Ball
1-2: Foul Ball, location: 2F
1-2: Ball
2-2: Fly out, F8 (Flyball, 78S, EV 86.3 MPH)
Bottom of the 3rd over - 0 runs, 2 hits, 0 errors, 3 left on base; Arizona 0 - Washington 1
TOP OF THE 4TH
Arizona Diamondbacks batting - Pitching for Washington Senators : RHP Kevin Millwood
Batting: RHB Moises Alou 0-0: Ball
1-0: Foul Ball, location: 2F
1-1: Foul Ball, location: 2F
1-2: Ball
2-2: Foul Ball, location: 2F
2-2: Fly out, F7 (Line Drive, 7, EV 91.9 MPH)
Batting: RHB Bobby M Estalella 0-0: Ball
1-0: Fly out, F3 (Popup, 34, EV 73.8 MPH)
Batting: LHB Mike Greenwell 0-0: Ground out 4-3 (Groundball, 34D, EV 106.3 MPH)
Top of the 4th over - 0 runs, 0 hits, 0 errors, 0 left on base; Arizona 0 - Washington 1
BOTTOM OF THE 4TH
Washington Senators batting - Pitching for Arizona Diamondbacks : RHP Brett Tomko
Batting: SHB Ray Durham 0-0: Called Strike
0-1: Called Strike
0-2: Ball
1-2: Strikes out swinging
Batting: LHB Don Mattingly 0-0: Ball
1-0: Called Strike
1-1: Fly out, F7 (Line Drive, 7, EV 91.9 MPH)
Batting: RHB Jason Kendall 0-0: Foul Ball, location: 2F
0-1: Fly out, F6 (Line Drive, 6, EV 65.6 MPH)
Bottom of the 4th over - 0 runs, 0 hits, 0 errors, 0 left on base; Arizona 0 - Washington 1
TOP OF THE 5TH
Arizona Diamondbacks batting - Pitching for Washington Senators : RHP Kevin Millwood
Batting: RHB Chad Curtis 0-0: Ball
1-0: Swinging Strike
1-1: Swinging Strike
1-2: Foul Ball, location: 2F
1-2: Foul Ball, location: 2F
1-2: Strikes out swinging
Batting: LHB Mark Grace 0-0: Fly out, F8 (Flyball, 89XD, EV 86.9 MPH)
Batting: RHB Mike Bordick 0-0: Fly out, F4 (Line Drive, 4, EV 69.4 MPH)
Top of the 5th over - 0 runs, 0 hits, 0 errors, 0 left on base; Arizona 0 - Washington 1
BOTTOM OF THE 5TH
Washington Senators batting - Pitching for Arizona Diamondbacks : RHP Brett Tomko
Batting: RHB Vladimir Guerrero 0-0: Ball
1-0: Foul Ball, location: 2F
1-1: Called Strike
1-2: Ball
2-2: Ground out 4-3 (Groundball, 4M, EV 96.3 MPH)
Batting: RHB Alex Rodriguez 0-0: Swinging Strike
0-1: Foul Ball, location: 2F
0-2: Foul Ball, location: 2F
0-2: Ball
1-2: Foul Ball, location: 2F
1-2: Fly out, F8 (Flyball, 8RD, EV 89.4 MPH)
Batting: RHB Albert Belle 0-0: Called Strike
0-1: SOLO HOME RUN (Flyball, 8RXD, EV 101.9 MPH), Distance : 435 ft
Batting: RHB Eric Davis 0-0: Ball
1-0: Foul Ball, location: 2F
1-1: Swinging Strike
1-2: Strikes out swinging
Bottom of the 5th over - 1 run, 1 hit, 0 errors, 0 left on base; Arizona 0 - Washington 2
TOP OF THE 6TH
Arizona Diamondbacks batting - Pitching for Washington Senators : RHP Kevin Millwood
Batting: LHB Robin Ventura 0-0: Ball
1-0: Called Strike
1-1: Swinging Strike
1-2: DOUBLE (Flyball, 8RXD, EV 86.9 MPH)
Batting: LHB Delino DeShields 0-0: Ball
Wild Pitch!
Robin Ventura to third
1-0: Called Strike
1-1: Foul Ball, location: 2F
1-2: Strikes out swinging
Batting: LHB Tony Gwynn 0-0: Ball
1-0: Ball
2-0: Ball
3-0: Called Strike
3-1: DOUBLE (Flyball, 5D, EV 91.3 MPH)
Robin Ventura scores
Batting: RHB Moises Alou 0-0: Called Strike
0-1: DOUBLE (Line Drive, 7LM, EV 103.8 MPH)
Tony Gwynn scores
Batting: RHB Bobby M Estalella 0-0: Ball
1-0: Ground out 6-3 (Groundball, 6, EV 83.1 MPH)
Batting: LHB Mike Greenwell 0-0: Swinging Strike
0-1: Ball
1-1: Swinging Strike
1-2: Reached on error, E6 (Groundball, 6, EV 101.9 MPH)
Moises Alou to third
Batting: RHB Chad Curtis 0-0: Called Strike
0-1: Fly out, F3 (Popup, 23, EV 82.5 MPH)
Top of the 6th over - 2 runs, 3 hits, 1 error, 2 left on base; Arizona 2 - Washington 2
BOTTOM OF THE 6TH
Washington Senators batting - Pitching for Arizona Diamondbacks : RHP Brett Tomko
Batting: LHB Willie Greene 0-0: Ball
1-0: Called Strike
1-1: Ground out 1-3 (Groundball, 25, EV 71.9 MPH)
Batting: LHB Jon Nunnally 0-0: Foul Ball, location: 2F
0-1: Foul Ball, location: 2F
0-2: Ball
1-2: Ball
2-2: SOLO HOME RUN (Flyball, 89XD, EV 109.4 MPH), Distance : 433 ft
Batting: SHB Ray Durham 0-0: Ball
1-0: Fly out, F9 (Flyball, 9, EV 89.4 MPH)
Batting: LHB Don Mattingly 0-0: Foul Ball, location: 2F
0-1: Ball
1-1: Foul Ball, location: 2F
1-2: Ball
2-2: Ground out 1-3 (Groundball, 34S, EV 80.6 MPH)
Bottom of the 6th over - 1 run, 1 hit, 0 errors, 0 left on base; Arizona 2 - Washington 3
TOP OF THE 7TH
Arizona Diamondbacks batting - Pitching for Washington Senators : RHP Kevin Millwood
Batting: LHB Mark Grace 0-0: Called Strike
0-1: Ball
1-1: DOUBLE (Flyball, 78XD, EV 94.4 MPH)
Batting: RHB Mike Bordick 0-0: Bunt missed!
0-1: Bunt missed!
0-2: Ball
1-2: Ball
2-2: Ball
3-2: Base on Balls
Batting: LHB Robin Ventura 0-0: Sac Bunt to 15S - play at first, batter OUT! 1-3
Mark Grace to third
Mike Bordick to second
Batting: LHB Delino DeShields 0-0: Called Strike
0-1: Called Strike
0-2: Ball
1-2: Ball
2-2: Ball
3-2: SINGLE (Groundball, 34D, EV 100.0 MPH)
Mark Grace scores
Mike Bordick to third
Runner from 3rd tries for Home, SAFE, no throw by RF
Batting: LHB Tony Gwynn 0-0: Ball
Delino DeShields is caught stealing 2nd base 2-6
1-0: Ball
2-0: Fly out, F7 (Flyball, 7D, EV 103.8 MPH)
Top of the 7th over - 2 runs, 2 hits, 0 errors, 0 left on base; Arizona 4 - Washington 3
BOTTOM OF THE 7TH
Washington Senators batting - Pitching for Arizona Diamondbacks : RHP Brett Tomko
Batting: RHB Jason Kendall 0-0: Ball
1-0: Ground out 6-3 (Groundball, 6, EV 83.1 MPH)
Batting: RHB Vladimir Guerrero 0-0: Ball
1-0: Called Strike
1-1: Hit by Pitch
Pitching: RHP Marvin Freeman
Batting: RHB Alex Rodriguez 0-0: Called Strike
0-1: Foul Ball, location: 2F
0-2: Ball
1-2: Fly out, F9 (Flyball, 9S, EV 86.3 MPH)
Batting: RHB Albert Belle 0-0: Ball
1-0: Called Strike
1-1: Foul Ball, location: 2F
1-2: Ball
2-2: 2-RUN HOME RUN (Flyball, 7D, EV 109.4 MPH), Distance : 375 ft
Batting: RHB Eric Davis 0-0: Ball
1-0: Ball
2-0: Foul Ball, location: 2F
2-1: Foul Ball, location: 2F
2-2: Strikes out swinging
Bottom of the 7th over - 2 runs, 1 hit, 0 errors, 0 left on base; Arizona 4 - Washington 5
TOP OF THE 8TH
Arizona Diamondbacks batting - Pitching for Washington Senators : RHP Kevin Millwood
Batting: RHB Moises Alou 0-0: Ball
1-0: SOLO HOME RUN (Flyball, 78XD, EV 102.5 MPH), Distance : 419 ft
Batting: RHB Bobby M Estalella 0-0: Foul Ball, location: 2F
0-1: Ball
1-1: Foul Ball, location: 2F
1-2: Foul Ball, location: 2F
1-2: Strikes out swinging
Batting: LHB Mike Greenwell 0-0: SINGLE (Groundball, 34D, EV 98.1 MPH)
Pitching: RHP Mark Wohlers
Batting: RHB Chad Curtis 0-0: Swinging Strike
0-1: Ball
1-1: Swinging Strike
1-2: Foul Ball, location: 2F
1-2: Foul Ball, location: 2F
1-2: Foul Ball, location: 2F
1-2: Strikes out looking
Batting: LHB Mark Grace 0-0: Ball
1-0: Ball
2-0: Ball
3-0: Swinging Strike
3-1: Swinging Strike
3-2: Foul Ball, location: 2F
3-2: Fly out, F8 (Line Drive, 8LD, EV 93.8 MPH)
Top of the 8th over - 1 run, 2 hits, 0 errors, 1 left on base; Arizona 5 - Washington 5
BOTTOM OF THE 8TH
Washington Senators batting - Pitching for Arizona Diamondbacks : RHP Marvin Freeman
Batting: LHB Willie Greene 0-0: Called Strike
0-1: Swinging Strike
0-2: SINGLE (Line Drive, 9S, EV 98.1 MPH)
Batting: LHB Jon Nunnally 0-0: Swinging Strike
0-1: Foul Ball, location: 2F
0-2: Ball
1-2: Ball
2-2: Strikes out swinging
Batting: SHB Ray Durham 0-0: Ball
1-0: Sac Bunt to 25 - play at first, batter OUT! 5-3
Willie Greene to second
Batting: LHB Don Mattingly 0-0: Swinging Strike
0-1: Ground out 5-3 (Groundball, 56S, EV 71.9 MPH)
Bottom of the 8th over - 0 runs, 1 hit, 0 errors, 1 left on base; Arizona 5 - Washington 5
TOP OF THE 9TH
Arizona Diamondbacks batting - Pitching for Washington Senators : RHP Mark Wohlers
Pinch Hitting: LHB Scott Stahoviak 0-0: Reached on error, E3 (Groundball, 3D, EV 88.8 MPH)
Batting: LHB Robin Ventura 0-0: Sac Bunt to 25 - play at first, batter OUT! 5-3
Scott Stahoviak to second
Batting: LHB Delino DeShields 0-0: Called Strike
0-1: Ball
1-1: Ball
2-1: Called Strike
2-2: Ball
3-2: Foul Ball, location: 2F
3-2: Base on Balls
Batting: LHB Tony Gwynn 0-0: Ball
1-0: Ball
2-0: Sac Bunt to 13S - play at first, batter OUT! 1-4
Scott Stahoviak to third
Delino DeShields to second
Batting: RHB Moises Alou 0-0: Intentional Walk
Batting: RHB Bobby M Estalella 0-0: Ball
1-0: Ball
2-0: Swinging Strike
2-1: Ball
3-1: Base on Balls
Scott Stahoviak scores
Delino DeShields to third
Moises Alou to second
Batting: LHB Mike Greenwell 0-0: Ball
1-0: Ball
2-0: Ball
3-0: Called Strike
3-1: Ground out 4-3 (Groundball, 4, EV 82.5 MPH)
Top of the 9th over - 1 run, 0 hits, 1 error, 3 left on base; Arizona 6 - Washington 5
BOTTOM OF THE 9TH
Washington Senators batting - Pitching for Arizona Diamondbacks : RHP Marvin Freeman
Pitching: RHP Danny Patterson
Now at SS: Bret Barberie
Now in LF: Butch Huskey
Batting: RHB Jason Kendall 0-0: Ball
1-0: Foul Ball, location: 2F
1-1: Fly out, F8 (Line Drive, 8LM, EV 93.1 MPH)
Batting: RHB Vladimir Guerrero 0-0: Ball
1-0: Ball
2-0: Called Strike
2-1: Fly out, F9 (Flyball, 89S, EV 94.4 MPH)
Batting: RHB Alex Rodriguez 0-0: Ball
1-0: Fly out, F2 (Popup, 23F, EV 86.3 MPH)
Bottom of the 9th over - 0 runs, 0 hits, 0 errors, 0 left on base; Arizona 6 - Washington 5
Thursday, January 22nd, 2026 - OOTP Baseball 20.8 Build 74